 Dungeon Crawl Stone Soup version 0.29-a0-838-g385bb11a5b (webtiles) character file.

Game seed: 14361756950899941374

11 ytrimaz the Cudgeller (level 2, 0/22 HPs)
             Began as a Demonspawn Gladiator on July 14, 2022.
             Slain by a kobold
             ... wielding a +3 dagger of holy wrath
              (3 damage)
             ... on level 1 of the Dungeon.
             The game lasted 00:00:38 (1006 turns).

ytrimaz the Cudgeller (Demonspawn Gladiator)        Turns: 1006, Time: 00:00:39

Health: 0/22       AC:  4    Str: 14    XL:     2   Next: 17%
Magic:  2/2        EV: 12    Int:  9    God:
Gold:   0          SH:  0    Dex: 14    Spells: 1/1 levels left

rFire   . . .      SeeInvis .   a - +0 flail
rCold   . . .      Faith    .   (no shield)
rNeg    . . .      Spirit   .   b - +0 leather armour
rPois   .          Reflect  .   c - +0 helmet
rElec   .          Harm     .   (no cloak)
rCorr   .          Rampage  .   (no gloves)
Will    .....                   (no boots)
Stlth   +.........              (no amulet)
HPRegen 0.07/turn               (no ring)
MPRegen 0.08/turn               (no ring)

@: no status effects
A: spiny 1
a: no special abilities


You were on level 1 of the Dungeon.
You visited 1 branch of the dungeon, and saw 1 of its levels.

Inventory:

Hand Weapons
 a - a +0 flail (weapon)
Missiles
 d - 3 throwing nets (quivered)
 e - a javelin
Armour
 b - a +0 leather armour (worn)
 c - a +0 helmet (worn)
Potions
 f - a potion of curing


   Skills:
 - Level 2.0 Fighting
 + Level 3.3 Maces & Flails
 - Level 1.7 Throwing
 - Level 2.6 Dodging


You had one spell level left.
You didn't know any spells.
Your spell library was empty.

Dungeon Overview and Level Annotations

Branches:
Dungeon (1/15)

Altars:


Innate Abilities, Weirdness & Mutations

You are partially covered in sharp spines.


Message History

The kobold throws a stone.
The stone barely misses you.
A kobold comes into view.
It is wielding a +3 dagger of holy wrath.
A hobgoblin comes into view.
The kobold shouts!
The giant cockroach barely misses you.
You closely miss the kobold. The giant cockroach closely misses you.
The kobold hits you but does no damage.
The giant cockroach bites you but does no damage.
Unknown command.
You hit the giant cockroach but do no damage.
The giant cockroach barely misses you. The kobold is struck by your spines.
You kill the kobold!
You hit the giant cockroach.
The giant cockroach is heavily wounded.
The giant cockroach is struck by your spines.
You kill the giant cockroach!
Unknown command.
You barely miss the hobgoblin. The hobgoblin is struck by your spines.
The hobgoblin barely misses you.
Unknown command.
You sock the hobgoblin!
You kill the hobgoblin!
The kobold hits you with a +3 dagger of holy wrath.
You convulse.
Unknown command.
You hit the kobold.
The kobold is moderately wounded.
The kobold hits you with a +3 dagger of holy wrath.
You convulse.
You barely miss the kobold.
The kobold is moderately wounded.
The kobold hits you with a +3 dagger of holy wrath.
You convulse.
* * * LOW HITPOINT WARNING * * *
You closely miss the kobold.
The kobold is moderately wounded.
The kobold hits you with a +3 dagger of holy wrath.
* * * LOW HITPOINT WARNING * * *
You convulse.
You die...

# #.......#
#.#...#.#.#
##...###...##
#..#..#..#..####
.###...###.....
#..#..#..#..###.
......##.....#
......##..##.#
..........@#...
>..#.....#K..##
..###...###..#
.#..#..#.....
....##....###.
### ###.## # ...
##.


You could see a kobold.

Vanquished Creatures
  2 ball pythons (D:1)
  2 endoplasms (D:1)
  A giant cockroach (D:1)
  A hobgoblin (D:1)
  A bat (D:1)
  4 kobolds (D:1)
11 creatures vanquished.

Notes
Turn   | Place    | Note
-------+----------+-------------------------------------------
     0 | D:1      | ytrimaz the Demonspawn Gladiator began the quest for the
                  | Orb.
     0 | D:1      | Reached XP level 1. HP: 16/16 MP: 1/1
   593 | D:1      | Reached skill level 3 in Maces & Flails
   800 | D:1      | Gained mutation: You are partially covered in sharp spines.
                  | [demonic ancestry]
   800 | D:1      | Reached XP level 2. HP: 8/22 MP: 2/2
  1006 | D:1      | Slain by a kobold

Illustrated notes

Levels and vault maps discovered:
D:1:      dpeg_arrival_leaves_temple_mockup, layout_loops_ring,
          dreamdust_ecumenical_altar_angels_and_demons, minmay_strange_pillars

Skill      XL: |  1 |
---------------+----+-----
Maces & Flails | 3 |  3.3
Fighting       | |  2.0
Throwing       | |  1.7
Dodging        | |  2.6

Action                   || total
-------------------------++-------
Melee: Flail             ||    32
  Use: Scroll            ||     2
Armor: Leather armour    ||     8
Dodge: Dodged            ||    19

Table legend: (Time is in decaauts)
 A = Elapsed time spent in this place.
 B = Non-inter-level travel time spent in this place.
 C = Inter-level travel time spent in this place.
 D = Time resting spent in this place.
 E = Time spent auto-exploring this place.
 F = Levels seen in this place.
 G = Mean time per level.
                   A        B        C        D        E       F      G
               +--------+--------+--------+--------+--------+-----+--------+
         Total |   1013 |   1013 |      0 |      0 |    914 |   1 | 1013.0 |
       Dungeon |   1013 |   1013 |      0 |      0 |    914 |   1 | 1013.0 |
               +--------+--------+--------+--------+--------+-----+--------+

Top non-repeatable levels by time:
     D:1: 1013 daAuts
